 Dungeon Crawl Stone Soup version 0.18.1-50-g88ac8fd (webtiles) character file.

97 Nordron the Changer (level 4, 0/32 HPs)
             Began as a Merfolk Transmuter on Sept 25, 2016.
             Slain by a giant gecko (3 damage)
             ... on level 2 of the Dungeon.
             The game lasted 00:07:32 (1924 turns).

Nordron the Changer (Merfolk Transmuter)            Turns: 1924, Time: 00:07:33

Health: 0/32       AC:  4    Str: 10    XL:     4   Next: 68%
Magic:  7/7        EV: 12    Int: 13    God:
Gold:   99         SH:  3    Dex: 14    Spells: 2 memorised, 3 levels left

rFire  . . .     SeeInvis .     p - -1 short sword (curse)
rCold  . . .     Gourm    .     b - +0 robe
rNeg   . . .     Faith    .     n - +0 buckler
rPois  .         Spirit   .     (no helmet)
rElec  .         Dismiss  .     (no cloak)
rCorr  .         Reflect  .     m - +0 pair of gloves
SustAt .         Harm     .     f - +0 pair of boots
MR     .....                    (no amulet)
Stlth  ++........               (no ring)
                                (no ring)

@: not resistant to hostile enchantments, unstealthy
A: change form in water, swift swim
a: no special abilities


You were on level 2 of the Dungeon.
You were not hungry.

You visited 1 branch of the dungeon, and saw 2 of its levels.

You collected 99 gold pieces.

Inventory:

Hand Weapons
 j - a +0 whip
 p - a cursed -1 short sword (weapon)
 s - a +2 dagger of venom
 t - a +0 mace of protection
Missiles
 a - 50 arrows
Armour
 b - a +0 robe (worn)
 f - a +0 pair of boots (worn)
 m - a +0 pair of gloves (worn)
 n - a +0 buckler (worn)
 q - a +0 scale mail
Scrolls
 k - a scroll of amnesia {unknown}
 v - a scroll of identify
Potions
 e - a potion of degeneration {unknown}
 h - a potion of curing {unknown}
 i - 2 potions of heal wounds
 o - a potion of magic {unknown}
 u - a potion of berserk rage {unknown}
Books
 c - a book of Changes

   Spells                             Type                      Level
   a - Beastly Appendage              Transmutation                1
   b - Sticks to Snakes               Transmutation                2
   c - Spider Form                    Transmutation/Poison         3
   d - Ice Form                       Ice/Transmutation            4
   e - Blade Hands                    Transmutation                5
Comestibles
 d - 2 bread rations
 g - a beef jerky
 l - a meat ration
 r - 2 chunks of flesh


   Skills:
 - Level 1.1 Fighting
 - Level 0.2 Short Blades
 - Level 0.1 Maces & Flails
 - Level 2.6 Dodging
 - Level 0.5 Stealth
 - Level 3.2 Unarmed Combat
 - Level 2.0 Spellcasting
 + Level 6.1 Transmutations


You had 3 spell levels left.
You knew the following spells:

 Your Spells              Type           Power        Failure   Level  Hunger
a - Beastly Appendage     Trmt           ###...       3%          1    ##.....
b - Spider Form           Trmt/Pois      #.........   38%         3    ####...


Dungeon Overview and Level Annotations

Branches:
Dungeon (2/15)

Altars:


Message History

You hit the hound but do no damage. You headbutt the hound.
The hound is almost dead.
The hound misses you. The hound closely misses you.
The hound barely misses you.
You hit the hound.
You kill the hound!
Your Transmutations skill increases to level 6!
Your horns disappear.
A giant gecko comes into view.
You enter a teleport trap!
The teleport trap disappears.
Your surroundings suddenly seem different.
The giant gecko bites you.
* * * LOW HITPOINT WARNING * * *
The giant gecko barely misses you.
The giant gecko bites you but does no damage.
The giant gecko bites you but does no damage.
The giant gecko bites you.
* * * LOW HITPOINT WARNING * * *
The giant gecko bites you.
You die...

#.###.# ###.#.### #.# #.#
#####...#...# #.# #.#
#.....#####.# #.# #.#
#####.###...#...# #.# #.#
#...........#.### #.# #.#
#.###.#####...... ..# #.# #.#
#.# ####### ###
#.###########.###.#
#####........g.l@.....#
...<...##########.##### ####
.........# #.#########..#**#
########.###
####.........)..#,.. #
####...g.# #....########..P#...
# #........###.#.## #...'... #
#.............#.#########.P#+#+
# #.........##..........#
#..#,*, #
##.#......##..#######.# #..#***


You could see a gnoll and a giant gecko.

Vanquished Creatures
  2 hounds (D:2)
  2 worms (D:2)
  A dart slug (D:2)
  A giant gecko (D:1)
  3 ball pythons (D:2)
  4 giant cockroaches
  A goblin (D:2)
  4 hobgoblins
  3 kobolds (D:1)
  3 bats (D:1)
  A giant newt (D:1)
  3 rats
28 creatures vanquished.

Notes
Turn   | Place    | Note
--------------------------------------------------------------
     0 | D:1      | Nordron the Merfolk Transmuter began the quest for the Orb.
     0 | D:1      | Reached XP level 1. HP: 15/15 MP: 3/3
   123 | D:1      | Reached skill level 3 in Transmutations
   371 | D:1      | Reached XP level 2. HP: 21/21 MP: 3/5
   882 | D:1      | Reached skill level 4 in Transmutations
  1239 | D:2      | Reached XP level 3. HP: 10/26 MP: 6/6
  1488 | D:2      | Learned a level 3 spell: Spider Form
  1884 | D:2      | Reached skill level 5 in Transmutations
  1884 | D:2      | Reached XP level 4. HP: 20/32 MP: 5/7
  1898 | D:2      | Reached skill level 6 in Transmutations
  1924 | D:2      | Slain by a giant gecko

Skill      XL: |  1  2  3  4 |
---------------+-------------+-----
Transmutations | 3 4 5 6 |  6.1
Fighting       | |  1.1
Short Blades   | |  0.2
Maces & Flails | |  0.1
Dodging        | |  2.6
Stealth        | |  0.5
Unarmed Combat | |  3.2
Spellcasting   | |  2.0

Action                   |  1- 3 |  4- 6 || total
-------------------------+-------+-------++-------
Melee: Dagger            |    13 |       ||    13
       Whip              |    18 |       ||    18
       Headbutt          |    10 |     3 ||    13
       Punch             |     2 |       ||     2
       Short sword       |    94 |    10 ||   104
 Cast: Beastly Appendage |    20 |       ||    20
  Use: Scroll            |     4 |       ||     4
  Eat: Chunk             |     4 |       ||     4
Armor: Robe              |    23 |     4 ||    27
Dodge: Dodged            |    79 |    10 ||    89
Block: Buckler           |     3 |     3 ||     6
